| TOP OF THE 1ST |
|
Ogden Raptors batting - Pitching for Washington (APP) Nationals : RHP Romel Padua
|
|
Pitching: RHP Romel Padua
|
|
|
Batting: SHB Javy Franco
|
0-0: Ball 1-0: Called Strike 1-1: Ball 2-1: Ball 3-1: Base on Balls
|
|
Batting: RHB Carlos Gonzalez
|
0-0: Ball 1-0: Ball 2-0: Swinging Strike 2-1: Foul Ball, location: 2F 2-2: Ball 3-2: Ground out 5-3 (Groundball, 5, EV 100.0 MPH) Javy Franco to second
|
|
Batting: RHB David Watkins
|
0-0: Called Strike 0-1: Fly out, F8 (Flyball, 8RD, EV 101.9 MPH) Runner from 2nd tags up, SAFE at 3rd with throw by CF
|
|
Batting: SHB Jesus Gomez
|
0-0: Ball 1-0: Ball 2-0: Ball 3-0: Base on Balls
|
|
Batting: LHB Pedro Garza
|
0-0: Ball 1-0: Ball 2-0: DOUBLE (Line Drive, 8LXD, EV 100.6 MPH) Javy Franco scores Jesus Gomez to third
|
|
Batting: RHB Kekoa Kahele
|
0-0: Ball 1-0: SINGLE (Line Drive, 7S, EV 106.9 MPH) Jesus Gomez scores Pedro Garza to third Runner from 3rd tries for Home, SAFE, throw by LF to home
|
|
Batting: RHB Roberto Sotelo
|
0-0: Ball Wild Pitch! Kekoa Kahele to second 1-0: Fly out, F9 (Flyball, 89XD, EV 98.8 MPH)
|
| Top of the 1st over - 3 runs, 2 hits, 0 errors, 1 left on base; Ogden 3 - Washington (APP) 0 |
| BOTTOM OF THE 1ST |
|
Washington (APP) Nationals batting - Pitching for Ogden Raptors : RHP Keith Birely
|
|
Pitching: RHP Keith Birely
|
|
|
Batting: RHB Steve Kunselman
|
0-0: Called Strike 0-1: Ball 1-1: Ground out 6-3 (Groundball, 6M, EV 77.5 MPH)
|
|
Batting: RHB Charlie Iacovone
|
0-0: Called Strike 0-1: Ball 1-1: Foul Ball, location: 2F 1-2: Ground out U3 (Groundball, 34, EV 103.8 MPH)
|
|
Batting: SHB Nolan Carew
|
0-0: Ball 1-0: Swinging Strike 1-1: Ball 2-1: Foul Ball, location: 2F 2-2: Strikes out swinging
|
| Bottom of the 1st over - 0 runs, 0 hits, 0 errors, 0 left on base; Ogden 3 - Washington (APP) 0 |
| TOP OF THE 2ND |
|
Ogden Raptors batting - Pitching for Washington (APP) Nationals : RHP Romel Padua
|
|
Batting: SHB Jason Todd
|
0-0: Called Strike 0-1: Ball 1-1: Ball 2-1: Ball 3-1: Swinging Strike 3-2: Strikes out swinging
|
|
Batting: RHB Guillermo Puente
|
0-0: Called Strike 0-1: Foul Ball, location: 2F 0-2: TRIPLE (Flyball, 7D, EV 107.5 MPH)
|
|
Batting: SHB Javy Franco
|
0-0: Foul Ball, location: 2F 0-1: Foul Ball, location: 2F 0-2: Ball 1-2: Foul Ball, location: 2F 1-2: Foul Ball, location: 2F 1-2: Foul Ball, location: 2F 1-2: Foul Ball, location: 2F 1-2: Foul Ball, location: 2F 1-2: Foul Ball, location: 2F 1-2: Fly out, F9 (Flyball, 9, EV 87.5 MPH) Runner from 3rd tags up, SCORES, throw by RF
|
|
Batting: RHB Carlos Gonzalez
|
0-0: Swinging Strike 0-1: Called Strike 0-2: Ball 1-2: Ground out 6-3 (Groundball, 6, EV 110.0 MPH)
|
| Top of the 2nd over - 1 run, 1 hit, 0 errors, 0 left on base; Ogden 4 - Washington (APP) 0 |
| BOTTOM OF THE 2ND |
|
Washington (APP) Nationals batting - Pitching for Ogden Raptors : RHP Keith Birely
|
|
Batting: SHB Fernando Fundora
|
0-0: Ball 1-0: Ground out 4-3 (Groundball, 4, EV 84.4 MPH)
|
|
Batting: RHB Vasag Semerjian
|
0-0: Fly out, F8 (Flyball, 78D, EV 81.9 MPH)
|
|
Batting: RHB Ken Yeadon
|
0-0: Foul Ball, location: 2F 0-1: Called Strike 0-2: Ball 1-2: Strikes out looking
|
| Bottom of the 2nd over - 0 runs, 0 hits, 0 errors, 0 left on base; Ogden 4 - Washington (APP) 0 |
| TOP OF THE 3RD |
|
Ogden Raptors batting - Pitching for Washington (APP) Nationals : RHP Romel Padua
|
|
Batting: RHB David Watkins
|
0-0: Called Strike 0-1: Ball 1-1: Ball 2-1: Ball 3-1: Base on Balls
|
|
Batting: SHB Jesus Gomez
|
0-0: Swinging Strike 0-1: Called Strike 0-2: Ball Wild Pitch! David Watkins to second 1-2: SINGLE (Groundball, 25, EV 72.5 MPH) (infield hit) David Watkins to third
|
|
Batting: LHB Pedro Garza
|
0-0: Ball 1-0: Ball 2-0: Swinging Strike 2-1: Foul Ball, location: 2F 2-2: Ball 3-2: Base on Balls Jesus Gomez to second
|
|
Batting: RHB Kekoa Kahele
|
0-0: SINGLE (Line Drive, 89M, EV 102.5 MPH) David Watkins scores Jesus Gomez to third Pedro Garza to second
|
|
Pitching: RHP Omar Perez
|
|
|
Batting: RHB Roberto Sotelo
|
0-0: Ball 1-0: Swinging Strike 1-1: Swinging Strike 1-2: Strikes out swinging
|
|
Batting: SHB Jason Todd
|
0-0: Ball 1-0: Ball 2-0: Ball 3-0: Base on Balls Jesus Gomez scores Pedro Garza to third Kekoa Kahele to second
|
|
Batting: RHB Guillermo Puente
|
0-0: Called Strike 0-1: Called Strike 0-2: Strikes out swinging
|
|
Batting: SHB Javy Franco
|
0-0: Called Strike 0-1: Foul Ball, location: 2F 0-2: Ground out 4-3 (Groundball, 4, EV 106.9 MPH)
|
| Top of the 3rd over - 2 runs, 2 hits, 0 errors, 3 left on base; Ogden 6 - Washington (APP) 0 |
| BOTTOM OF THE 3RD |
|
Washington (APP) Nationals batting - Pitching for Ogden Raptors : RHP Keith Birely
|
|
Batting: RHB Alex Martinez
|
0-0: Called Strike 0-1: Ball 1-1: Ball 2-1: Called Strike 2-2: Ground out 4-3 (Groundball, 4, EV 103.1 MPH)
|
|
Batting: RHB Franklin Ortega
|
0-0: Called Strike 0-1: Ball 1-1: Ball 2-1: Foul Ball, location: 2F 2-2: Foul Ball, location: 2F 2-2: Ball 3-2: Base on Balls
|
|
Batting: RHB Trent Spivey
|
0-0: Ball 1-0: Called Strike 1-1: Called Strike 1-2: Ball 2-2: Ball 3-2: Strikes out looking
|
|
Batting: RHB Steve Kunselman
|
0-0: Ball 1-0: Fly out, F8 (Flyball, 8LM, EV 80.0 MPH)
|
| Bottom of the 3rd over - 0 runs, 0 hits, 0 errors, 1 left on base; Ogden 6 - Washington (APP) 0 |
| TOP OF THE 4TH |
|
Ogden Raptors batting - Pitching for Washington (APP) Nationals : RHP Omar Perez
|
|
Batting: RHB Carlos Gonzalez
|
0-0: Called Strike 0-1: Ground out 5-3 (Groundball, 56, EV 106.9 MPH)
|
|
Batting: RHB David Watkins
|
0-0: Swinging Strike 0-1: Ball 1-1: Ball 2-1: Foul Ball, location: 2F 2-2: Strikes out looking
|
|
Batting: SHB Jesus Gomez
|
0-0: Ball 1-0: Called Strike 1-1: Ball 2-1: Ground out 6-3 (Groundball, P, EV 90.0 MPH)
|
| Top of the 4th over - 0 runs, 0 hits, 0 errors, 0 left on base; Ogden 6 - Washington (APP) 0 |
| BOTTOM OF THE 4TH |
|
Washington (APP) Nationals batting - Pitching for Ogden Raptors : RHP Keith Birely
|
|
Batting: RHB Charlie Iacovone
|
0-0: Foul Ball, location: 2F 0-1: Foul Ball, location: 2F 0-2: Foul Ball, location: 2F 0-2: Strikes out swinging
|
|
Batting: SHB Nolan Carew
|
0-0: Ball 1-0: Called Strike 1-1: Foul Ball, location: 2F 1-2: Ball 2-2: Strikes out swinging
|
|
Batting: SHB Fernando Fundora
|
0-0: Called Strike 0-1: Ball 1-1: Ball 2-1: SOLO HOME RUN (Flyball, 9LD, EV 100.0 MPH), Distance : 395 ft
|
|
Batting: RHB Vasag Semerjian
|
0-0: Ball 1-0: Foul Ball, location: 2F 1-1: Ball 2-1: Swinging Strike 2-2: Foul Ball, location: 2F 2-2: Ball 3-2: Foul Ball, location: 2F 3-2: Strikes out swinging
|
| Bottom of the 4th over - 1 run, 1 hit, 0 errors, 0 left on base; Ogden 6 - Washington (APP) 1 |
| TOP OF THE 5TH |
|
Ogden Raptors batting - Pitching for Washington (APP) Nationals : RHP Omar Perez
|
|
Batting: LHB Pedro Garza
|
0-0: Ball 1-0: Foul Ball, location: 2F 1-1: Ball 2-1: Ball 3-1: Ground out U3 (Groundball, 3L, EV 104.4 MPH)
|
|
Batting: RHB Kekoa Kahele
|
0-0: Called Strike 0-1: Swinging Strike 0-2: Ball 1-2: Ball 2-2: Foul Ball, location: 2F 2-2: Ball 3-2: Foul Ball, location: 2F 3-2: Strikes out swinging
|
|
Batting: RHB Roberto Sotelo
|
0-0: Ball 1-0: Ball 2-0: Called Strike 2-1: Foul Ball, location: 2F 2-2: Foul Ball, location: 2F 2-2: Ground out 6-3 (Groundball, 6, EV 106.2 MPH)
|
| Top of the 5th over - 0 runs, 0 hits, 0 errors, 0 left on base; Ogden 6 - Washington (APP) 1 |
| BOTTOM OF THE 5TH |
|
Washington (APP) Nationals batting - Pitching for Ogden Raptors : RHP Keith Birely
|
|
Batting: RHB Ken Yeadon
|
0-0: Foul Ball, location: 2F 0-1: Called Strike 0-2: Ball 1-2: Ball 2-2: SINGLE (Groundball, 56D, EV 98.1 MPH)
|
|
Batting: RHB Alex Martinez
|
0-0: Ball 1-0: Ball 2-0: SINGLE (Groundball, 34D, EV 100.0 MPH) Ken Yeadon to second Runner from 2nd tries for 3rd, SAFE, throw by RF made at trailing runner, OUT! 9-6
|
|
Batting: RHB Franklin Ortega
|
0-0: Called Strike 0-1: Swinging Strike 0-2: Strikes out looking
|
|
Batting: RHB Trent Spivey
|
0-0: Ball 1-0: Called Strike 1-1: Foul Ball, location: 2F 1-2: Ground out 5-3 (Groundball, 56S, EV 83.1 MPH)
|
| Bottom of the 5th over - 0 runs, 2 hits, 0 errors, 1 left on base; Ogden 6 - Washington (APP) 1 |
| TOP OF THE 6TH |
|
Ogden Raptors batting - Pitching for Washington (APP) Nationals : RHP Omar Perez
|
|
Batting: SHB Jason Todd
|
0-0: Swinging Strike 0-1: Foul Ball, location: 2F 0-2: Ball 1-2: Ball 2-2: Ground out 4-3 (Groundball, 13, EV 84.4 MPH)
|
|
Batting: RHB Guillermo Puente
|
0-0: Foul Ball, location: 2F 0-1: Swinging Strike 0-2: Foul Ball, location: 2F 0-2: Strikes out swinging
|
|
Pitching: RHP Cheng-ho Tai
|
|
|
Batting: SHB Javy Franco
|
0-0: Called Strike 0-1: DOUBLE (Flyball, 8RXD, EV 95.0 MPH)
|
|
Batting: RHB Carlos Gonzalez
|
0-0: Called Strike 0-1: Swinging Strike 0-2: Ball 1-2: Ball 2-2: Foul Ball, location: 2F 2-2: Fly out, F8 (Flyball, 8LD, EV 76.9 MPH)
|
| Top of the 6th over - 0 runs, 1 hit, 0 errors, 1 left on base; Ogden 6 - Washington (APP) 1 |
| BOTTOM OF THE 6TH |
|
Washington (APP) Nationals batting - Pitching for Ogden Raptors : RHP Keith Birely
|
|
Pitching: RHP Justin Donovan
|
|
|
Batting: RHB Steve Kunselman
|
0-0: Foul Ball, location: 2F 0-1: Ball 1-1: Ground out 1-3 (Groundball, 13, EV 73.1 MPH)
|
|
Pinch Hitting: RHB Justin Van Houten
|
0-0: Ball 1-0: Ball 2-0: Called Strike 2-1: Foul Ball, location: 2F 2-2: SOLO HOME RUN (Flyball, 89XD, EV 100.6 MPH), Distance : 404 ft
|
|
Batting: SHB Nolan Carew
|
0-0: Called Strike 0-1: Ball 1-1: Swinging Strike 1-2: Ball 2-2: Foul Ball, location: 2F 2-2: Ball 3-2: Strikes out looking
|
|
Batting: SHB Fernando Fundora
|
0-0: Foul Ball, location: 2F 0-1: Ball 1-1: Ball 2-1: Ball 3-1: Fly out, F8 (Flyball, 78D, EV 99.4 MPH)
|
| Bottom of the 6th over - 1 run, 1 hit, 0 errors, 0 left on base; Ogden 6 - Washington (APP) 2 |
| TOP OF THE 7TH |
|
Ogden Raptors batting - Pitching for Washington (APP) Nationals : RHP Cheng-ho Tai
|
|
Now at SS: Justin Van Houten
|
|
|
Batting: RHB David Watkins
|
0-0: Foul Ball, location: 2F 0-1: Ball 1-1: Ball 2-1: Called Strike 2-2: SOLO HOME RUN (Flyball, 7LD, EV 98.8 MPH), Distance : 378 ft
|
|
Batting: SHB Jesus Gomez
|
0-0: Called Strike 0-1: Foul Ball, location: 2F 0-2: Hit by Pitch
|
|
Batting: LHB Pedro Garza
|
Pickoff Throw to First - Out! 1-3 0-0: Called Strike 0-1: Foul Ball, location: 2F 0-2: Strikes out swinging
|
|
Batting: RHB Kekoa Kahele
|
0-0: Foul Ball, location: 2F 0-1: Foul Ball, location: 2F 0-2: Strikes out swinging
|
| Top of the 7th over - 1 run, 1 hit, 0 errors, 0 left on base; Ogden 7 - Washington (APP) 2 |
| BOTTOM OF THE 7TH |
|
Washington (APP) Nationals batting - Pitching for Ogden Raptors : RHP Justin Donovan
|
|
Batting: RHB Vasag Semerjian
|
0-0: Ball 1-0: Foul Ball, location: 2F 1-1: Swinging Strike 1-2: Ball 2-2: Foul Ball, location: 2F 2-2: Foul Ball, location: 2F 2-2: Foul Ball, location: 2F 2-2: Foul Ball, location: 2F 2-2: Ball 3-2: Foul Ball, location: 2F 3-2: Strikes out swinging, 2-3 out at first.
|
|
Batting: RHB Ken Yeadon
|
0-0: Ball 1-0: Called Strike 1-1: Foul Ball, location: 2F 1-2: Ball 2-2: Foul Ball, location: 2F 2-2: Foul Ball, location: 2F 2-2: Ball 3-2: Strikes out swinging
|
|
Pinch Hitting: RHB Jessie Fisher
|
0-0: Called Strike 0-1: Ball 1-1: Ball 2-1: Foul Ball, location: 2F 2-2: Fly out, F9 (Line Drive, 89M, EV 92.5 MPH)
|
| Bottom of the 7th over - 0 runs, 0 hits, 0 errors, 0 left on base; Ogden 7 - Washington (APP) 2 |
| TOP OF THE 8TH |
|
Ogden Raptors batting - Pitching for Washington (APP) Nationals : RHP Cheng-ho Tai
|
|
Now at 2B: Aaron Bateman
|
|
|
Batting: RHB Roberto Sotelo
|
0-0: Ball 1-0: Called Strike 1-1: DOUBLE (Line Drive, 7LM, EV 98.8 MPH)
|
|
Pitching: RHP Manny Mendoza
|
|
|
Batting: SHB Jason Todd
|
0-0: Hit by Pitch
|
|
Batting: RHB Guillermo Puente
|
0-0: Called Strike 0-1: Ball 1-1: Fly out, F8 (Flyball, 89M, EV 87.5 MPH)
|
|
Batting: SHB Javy Franco
|
0-0: Ball 1-0: Fly out, F9 (Flyball, 89S, EV 86.9 MPH)
|
|
Batting: RHB Carlos Gonzalez
|
0-0: Foul Ball, location: 2F 0-1: Swinging Strike 0-2: Foul Ball, location: 2F 0-2: Strikes out swinging
|
| Top of the 8th over - 0 runs, 1 hit, 0 errors, 2 left on base; Ogden 7 - Washington (APP) 2 |
| BOTTOM OF THE 8TH |
|
Washington (APP) Nationals batting - Pitching for Ogden Raptors : RHP Justin Donovan
|
|
Pitching: RHP Bart Bell
|
|
|
Batting: RHB Franklin Ortega
|
0-0: Swinging Strike 0-1: Ball 1-1: Fly out, F8 (Flyball, 8LXD, EV 82.5 MPH)
|
|
Pinch Hitting: RHB Chad Madsen
|
0-0: Ball 1-0: Ground out 6-3 (Groundball, 6, EV 92.5 MPH)
|
|
Batting: RHB Steve Kunselman
|
0-0: Ball 1-0: Ball 2-0: SINGLE (Groundball, 6MD, EV 105.6 MPH)
|
|
Batting: RHB Justin Van Houten
|
0-0: Ball 1-0: Swinging Strike 1-1: Foul Ball, location: 2F 1-2: Ball 2-2: Strikes out swinging
|
| Bottom of the 8th over - 0 runs, 1 hit, 0 errors, 1 left on base; Ogden 7 - Washington (APP) 2 |
| TOP OF THE 9TH |
|
Ogden Raptors batting - Pitching for Washington (APP) Nationals : RHP Manny Mendoza
|
|
Now in RF: Chad Madsen
|
|
|
Batting: RHB David Watkins
|
0-0: Ball 1-0: Called Strike 1-1: Called Strike 1-2: Ball 2-2: Strikes out swinging
|
|
Batting: SHB Jesus Gomez
|
0-0: Ball 1-0: Ball 2-0: Ball 3-0: Base on Balls
|
|
Batting: LHB Pedro Garza
|
0-0: Ball 1-0: Grounds into double play, 4-6-3 (Groundball, 4, EV 87.5 MPH)
|
| Top of the 9th over - 0 runs, 0 hits, 0 errors, 0 left on base; Ogden 7 - Washington (APP) 2 |
| BOTTOM OF THE 9TH |
|
Washington (APP) Nationals batting - Pitching for Ogden Raptors : RHP Bart Bell
|
|
Batting: SHB Nolan Carew
|
0-0: SOLO HOME RUN (Flyball, 9D, EV 101.9 MPH), Distance : 409 ft
|
|
Batting: SHB Fernando Fundora
|
0-0: Called Strike 0-1: Ball 1-1: Ball 2-1: Swinging Strike 2-2: Ball 3-2: Base on Balls
|
|
Batting: RHB Vasag Semerjian
|
0-0: Ball 1-0: Called Strike 1-1: Ball 2-1: Foul Ball, location: 2F 2-2: Ball 3-2: Strikes out swinging
|
|
Pinch Hitting: SHB Curtis DeLille
|
0-0: Ball 1-0: Foul Ball, location: 2F 1-1: Foul Ball, location: 2F 1-2: Foul Ball, location: 2F 1-2: Ball 2-2: Ball 3-2: 2-RUN HOME RUN (Flyball, 89XD, EV 106.2 MPH), Distance : 407 ft
|
|
Pitching: RHP Mike Barnhill
|
|
|
Now in LF: Kekoa Kahele
|
|
|
Now in RF: Alex Diaz
|
|
|
Batting: RHB Aaron Bateman
|
0-0: Called Strike 0-1: Swinging Strike 0-2: Strikes out swinging
|
|
Pinch Hitting: LHB Mike Hamilton
|
0-0: Called Strike 0-1: SINGLE (Groundball, 6MD, EV 97.5 MPH)
|
|
Batting: RHB Chad Madsen
|
0-0: Called Strike 0-1: Ball 1-1: Ball 2-1: Foul Ball, location: 2F 2-2: Ground out 5-3 (Groundball, 56S, EV 79.4 MPH)
|
| Bottom of the 9th over - 3 runs, 3 hits, 0 errors, 1 left on base; Ogden 7 - Washington (APP) 5 |
|